 Dungeon Crawl Stone Soup version 0.22.1-1-ga44c0e56f4 (webtiles) character file.

350 Mjsee792 the Shield-Bearer (level 6, -3/57 HPs)
             Began as a Minotaur Fighter on Oct 16, 2018.
             Killed by divine providence
             ... invoked by an orc priest
              (9 damage)
             ... on level 4 of the Dungeon.
             The game lasted 00:02:52 (2309 turns).

Mjsee792 the Shield-Bearer (Minotaur Fighter)       Turns: 2309, Time: 00:02:52

Health: -3/57      AC:  7    Str: 20    XL:     6   Next: 33%
Magic:  14/14      EV:  7    Int:  5    God:
Gold:   163        SH: 10    Dex: 12    Spells: 5/5 levels left

rFire    x . .     SeeInvis .   a - +0 trident
rCold    + . .     Gourm    .   c - +0 shield
rNeg     . . .     Faith    .   b - +0 scale mail
rPois    .         Spirit   .   (helmet restricted)
rElec    .         Reflect  .   (no cloak)
rCorr    .         Harm     .   (no gloves)
MR       .....                  (no boots)
Stlth    ..........             (no amulet)
HPRegen  0.19/turn              e - ring of ice
MPRegen  0.14/turn              o - ring of magical power

@: no status effects
A: retaliatory headbutt, horns 2
a: no special abilities


You were on level 4 of the Dungeon.
You were hungry.

You visited 1 branch of the dungeon, and saw 4 of its levels.

You collected 163 gold pieces.

Inventory:

Hand Weapons
 a - a +0 trident (weapon)
Armour
 b - a +0 scale mail (worn)
 c - a +0 shield (worn)
Jewellery
 e - a ring of ice (left hand)
 o - a ring of magical power (right hand)
Wands
 n - a wand of disintegration (21)
 q - a wand of polymorph (10)
Scrolls
 g - a scroll of random uselessness {unknown}
 i - a scroll of remove curse {unknown}
 l - 3 scrolls of identify {unknown}
 m - a scroll of teleportation {unknown}
 p - a scroll of enchant armour {unknown}
 r - a scroll of immolation {unknown}
 t - a scroll of magic mapping {unknown}
Potions
 d - 2 potions of might
 h - 2 potions of curing {unknown}
 j - 2 potions of heal wounds {unknown}
 k - a potion of lignification {unknown}
 s - a potion of mutation {unknown}
 u - a potion of magic {unknown}
Comestibles
 f - 8 rations


   Skills:
 + Level 5.6 Fighting
 - Level 2.4 Polearms
 + Level 5.7 Armour
 + Level 6.0 Shields


You had 5 spell levels left.
You didn't know any spells.
Your spell library contained the following spells:

 Spells                   Type           Power        Failure   Level  Hunger
 Magic Dart               Conj           #...         99%         1    ##.....
 Blink                    Tloc           N/A          100%        2    ###....
 Call Imp                 Summ           #.......     100%        2    ###....
 Slow                     Hex            #.......     100%        2    ###....
 Conjure Flame            Conj/Fire      #.......     100%        3    ####...
 Mephitic Cloud           Conj/Pois/Air  #.......     100%        3    ####...


Dungeon Overview and Level Annotations

Branches:
Dungeon (4/15)
 Temple: D:4-7

Altars:

Annotations:
D:4 4 runed doors


Innate Abilities, Weirdness & Mutations

You reflexively headbutt those who attack you in melee.
You have a pair of horns on your head.


Message History

The phantom hits you. You block the orc priest's attack.
Unknown command.
You barely miss the orc priest. Your headbutt misses the orc priest.
The phantom hits you.
* * * LOW HITPOINT WARNING * * *
The phantom blinks!
The orc priest invokes the aid of Beogh against you.
Beogh smites you!
* * * LOW HITPOINT WARNING * * *
You hit the orc priest.
The orc priest is lightly wounded.
The orc priest barely misses you.
You barely miss the orc priest. Your headbutt misses the orc priest.
The orc priest is lightly wounded.
You block the orc priest's attack.
You hit the orc priest.
The orc priest is heavily wounded.
The orc priest mumbles some strange prayers to Beogh against you.
Beogh smites you!
You die...

#.#########.#.#####.#
#.......... ##..........#.#
###.# ##.....####
#.##........#.###...# ##.##..#
.####.#####.#...#.#.####|.###.##
## #.# ..#.#................##
#.# ###...######..######..# #.#
#..##W ####....##.# #.. #..#o###
#.##†#.#.# ... ##..#@#[##
###..#.#.# .. #...#.##.#
#..###.#.# #.#.#.#.## #.##.#.#.#
...#.#.##...# ###.#.##.#
#...).###'# #'###..#
#.###......# #......# .#
##..#.## ##.##..# #. #..#.#
#....## #....+ +..###


You could see a phantom and an orc priest.

Vanquished Creatures
  A bullfrog skeleton (D:4)
  A hound (D:4)
  Jessica (D:3)
  3 orc wizards (D:4)
  A worker ant (D:4)
  A hound skeleton (D:4)
  6 adders
  An ooze (D:3)
  2 worms (D:2)
  5 dart slugs
  A leopard gecko (D:1)
  3 orcs
  2 ball pythons
  6 giant cockroaches
  5 goblins
  6 hobgoblins
  6 jackals
  10 kobolds
  7 bats
  6 frilled lizards
  8 rats
82 creatures vanquished.

Notes
Turn   | Place    | Note
-------+----------+-------------------------------------------
     0 | D:1      | Mjsee792 the Minotaur Fighter began the quest for the Orb.
     0 | D:1      | Reached XP level 1. HP: 19/19 MP: 0/0
    61 | D:1      | Reached XP level 2. HP: 22/27 MP: 1/1
   118 | D:1      | Reached skill level 4 in Shields
   463 | D:1      | Reached XP level 3. HP: 33/33 MP: 2/2
  1078 | D:2      | Reached XP level 4. HP: 41/41 MP: 3/3
  1286 | D:2      | Found a faded altar of an unknown god.
  1497 | D:3      | Noticed Jessica
  1501 | D:3      | Killed Jessica
  1501 | D:3      | Reached skill level 5 in Fighting
  1501 | D:3      | Reached skill level 5 in Shields
  1504 | D:3      | Reached XP level 5. HP: 43/48 MP: 4/4
  1567 | D:3      | Reached skill level 5 in Armour
  2021 | D:4      | Reached XP level 6. HP: 35/56 MP: 5/5
  2023 | D:4      | Found a large runed door.
  2023 | D:4      | Found a large runed door.
  2215 | D:4      | Reached skill level 6 in Shields
  2276 | D:4      | Found a large runed door.
  2276 | D:4      | Found a large runed door.
  2309 | D:4      | Killed from afar by an orc priest

Skill      XL: |  1  2  3  4  5  6 |
---------------+-------------------+-----
Armour         | 4 5 |  5.7
Fighting       | 4 5 |  5.6
Shields        | 4 5 6 |  6.0
Polearms       | |  2.4

Action                   |  1- 3 |  4- 6 || total
-------------------------+-------+-------++-------
Melee: Trident           |   113 |   140 ||   253
       Headbutt          |    10 |    22 ||    32
  Eat: Chunk             |       |     4 ||     4
Armor: Scale mail        |    47 |    47 ||    94
Dodge: Dodged            |    34 |    26 ||    60
Block: Shield            |    40 |    50 ||    90
